Map: Blackburn LE

Players

Dream - Winner!

  • Race: Terran Terran
  • League: Master

Scarlett

  • Race: Zerg Zerg

Event: DreamHack SC2 Masters 2021 Summer

VOD

Have the link to the VOD?

Description

Time

  • Played on: July 1, 2021, 12:23 p.m.
  • Length: 11:06
Show
View Real Time Build Order
Export as new Build Order

Dream Terran - Winner!

Build Orders: Hellion Banshee 

Get SALT Encoding   

  12  0:00  SCV  
  13  0:12  SCV  
  14  0:17  Supply Depot  
  14  0:24  SCV  
  15  0:38  SCV  
  15  0:39  Barracks  
  16  0:43  Refinery  
  16  0:50  SCV  
  17  1:02  SCV  
  18  1:14  SCV  
  20  1:25  Reaper  
  20  1:26  Orbital Command  
  20  1:40  Command Center  
  20  1:52  SCV, Supply Depot  
  21  1:57  Marine  
  22  2:02  Factory  
  22  2:06  SCV  
  23  2:14  Refinery  
  23  2:18  SCV  
  23  2:22  Barracks Reactor  
  24  2:30  SCV  
  25  2:42  SCV  
  26  2:51  Starport  
  26  2:52  Orbital Command  
  26  2:54  SCV  
  27  3:01  Hellion x2  
  31  3:06  SCV  
  31  3:08  Barracks Tech Lab  
  32  3:18  SCV x2  
  34  3:22  Hellion  
  34  3:23  Hellion  
  38  3:30  SCV x2  
  38  3:31  Supply Depot  
  38  3:34  Banshee  
  43  3:36  Cloaking Field  
  43  3:42  SCV x2  
  45  3:52  Hellion  
  45  3:54  SCV  
  45  3:55  SCV  
  45  3:56  Hellion  
  45  4:01  Supply Depot  
  47  4:06  SCV  
  47  4:07  SCV  
  49  4:16  Banshee, Command Center  
  52  4:19  SCV x2  
  52  4:23  Supply Depot  
  54  4:26  Barracks Tech Lab  
  54  4:31  SCV  
  54  4:32  SCV  
  54  4:33  Barracks  
  54  4:38  Factory Reactor  
  56  4:43  Barracks  
  56  4:44  SCV x2, Stimpack  
  58  4:57  Refinery x2, Engineering Bay  
  58  4:59  SCV x2, Engineering Bay  
  60  5:04  Marine  
  61  5:08  Starport Reactor  
  61  5:13  SCV x2  
  63  5:22  Marine  
  63  5:25  SCV x2  
  63  5:26  Terran Infantry Weapons Level 1  
  63  5:27  Terran Infantry Armor Level 1  
  67  5:29  Orbital Command  
  66  5:36  Supply Depot  
  66  5:37  SCV x2, Marine x2  
  66  5:40  Marine  
  71  5:43  Barracks  
  71  5:45  Barracks, Medivac x2  
  71  5:49  SCV  
  76  5:51  Siege Tank  
  76  5:52  Marine  
  76  5:54  Marine  
  76  5:56  SCV  
  82  5:58  Orbital Command  
  82  6:02  SCV  
  82  6:03  Marine  
  82  6:05  Marine x2  
  82  6:08  SCV  
  83  6:12  Supply Depot  
  83  6:13  Marine x2  
  83  6:14  SCV  
  86  6:19  Medivac  
  86  6:20  SCV, Marine, Medivac  
  86  6:24  Marine  
  93  6:31  Armory  
  93  6:33  SCV x3  
  93  6:34  Marauder, Marine x2  
  100  6:41  Supply Depot  
  100  6:43  Barracks Tech Lab x2, Marine  
  100  6:44  Supply Depot  
  101  6:50  Combat Shield  
  101  6:58  Refinery x2  
  101  7:02  Supply Depot  
  101  7:03  SCV x3, Siege Tank  
  101  7:05  Marauder  
  101  7:06  Marauder  
  111  7:14  Marauder, Marine x4  
  117  7:17  Supply Depot  
  117  7:18  Supply Depot  
  117  7:22  Terran Infantry Weapons Level 2  
  117  7:23  SCV x3  
  117  7:24  Terran Infantry Armor Level 2  
  117  7:27  Supply Depot  
  120  7:32  Marauder x2, Supply Depot  
  120  7:35  SCV  
  125  7:38  SCV, Siege Tank  
  125  7:42  SCV  
  128  7:47  SCV  
  128  7:48  Command Center  
  128  7:49  Factory  
  128  7:50  SCV, Terran Vehicle Weapons Level 1  
  130  7:54  Marauder, Marine x2  
  134  8:03  Marauder  
  134  8:04  Marauder, Marine x2  
  140  8:12  Medivac x2  
  144  8:15  Marauder  
  144  8:16  Marine x2  
  147  8:22  Marine  
  147  8:23  Supply Depot  
  147  8:25  Marauder x2, Siege Tank  
  155  8:29  Marine  
  155  8:30  Concussive Shells  
  156  8:34  Marine  
  156  8:36  Marine, Supply Depot  
  157  8:41  Factory Tech Lab  
  157  8:44  Supply Depot  
  157  8:45  Marauder  
  157  8:46  Marauder x2  
  163  8:49  Supply Depot  
  163  8:52  Marine  
  163  8:53  Marine  
  163  8:54  Marine  
  165  8:57  Marine  
  165  8:58  Supply Depot, Siege Tank  
  165  9:02  Barracks  
  169  9:03  Barracks  
  169  9:04  Medivac x2  
  169  9:06  Marauder  
  175  9:12  Marauder x2  
  179  9:20  Marine x2  
  179  9:22  Marine  
  179  9:28  Marauder, Marine  
  179  9:30  Siege Tank  
  179  9:31  Siege Tank  
  184  9:33  Marauder  
  186  9:45  Marine  
  186  9:46  Marine  
  186  9:47  Marauder  
  186  9:49  Marauder  
  190  9:54  Marine  
  190  9:55  Marauder, Marine  
  190  9:56  Barracks Tech Lab  
  192  10:02  Marine  
  192  10:05  Marine  
  180  10:09  Marauder  
  180  10:10  Marauder, Marine  
  180  10:12  Marine  
  185  10:15  Siege Tank x2  
  185  10:16  Marauder  
  189  10:25  Medivac  
  189  10:27  Medivac  
  189  10:28  Marauder, Marine  
  193  10:29  Marine  
  193  10:30  Marauder  
  193  10:32  Marauder  
  197  10:37  Marauder  
  182  10:42  Marine  
  182  10:43  Marine  
  182  10:53  Refinery x2  
  177  11:01  Command Center  
Show
View Real Time Build Order
Export as new Build Order

Scarlett Zerg 

Build Orders: Hatch First 

Get SALT Encoding   

  12  0:00  Drone  
  13  0:12  Overlord  
  13  0:17  Drone  
  14  0:30  Drone x2  
  16  0:47  Hatchery  
  15  0:50  Drone  
  15  0:54  Drone  
  17  0:57  Drone  
  18  1:08  Extractor  
  17  1:13  Spawning Pool  
  17  1:16  Drone  
  17  1:20  Drone  
  18  1:27  Drone  
  19  1:38  Drone  
  20  1:51  Drone  
  21  2:00  Queen  
  21  2:01  Queen  
  25  2:02  Zergling x4  
  27  2:10  Drone  
  27  2:11  Overlord  
  28  2:22  Hatchery  
  27  2:28  Drone  
  28  2:33  Drone x3  
  30  2:40  Metabolic Boost  
  29  2:44  Drone  
  29  2:49  Queen  
  32  2:52  Overlord  
  32  2:59  Drone x2  
  34  3:07  Drone  
  34  3:12  Overlord  
  35  3:15  Zergling x2  
  35  3:16  Drone x2  
  35  3:17  Drone  
  35  3:18  Queen  
  41  3:25  Zergling x2  
  42  3:28  Zergling x2  
  42  3:31  Queen  
  45  3:35  Drone  
  45  3:39  Queen  
  45  3:41  Drone x2  
  49  3:51  Drone x2  
  49  3:52  Drone x2  
  49  3:55  Drone  
  50  4:01  Zergling x4  
  52  4:03  Drone  
  52  4:09  Extractor, Drone, Spore Crawler  
  54  4:10  Drone x2  
  54  4:12  Drone  
  57  4:18  Drone  
  57  4:20  Overlord  
  57  4:21  Overlord  
  58  4:26  Baneling Nest  
  58  4:27  Roach Warren  
  57  4:35  Drone  
  58  4:39  Drone  
  58  4:40  Drone x6  
  58  4:44  Spore Crawler  
  66  4:45  Spore Crawler  
  66  4:49  Spore Crawler  
  66  4:52  Zergling x4  
  66  4:54  Drone x2  
  66  4:59  Drone x6  
  72  5:03  Lair  
  72  5:06  Zergling x2  
  72  5:07  Zergling x2  
  72  5:16  Drone x2  
  72  5:20  Extractor, Evolution Chamber  
  71  5:23  Evolution Chamber  
  71  5:25  Extractor  
  71  5:26  Extractor  
  68  5:29  Queen  
  68  5:30  Zergling x4  
  68  5:31  Drone x3  
  68  5:33  Overlord  
  74  5:42  Extractor  
  73  5:45  Extractor, Drone x2  
  74  5:50  Overlord  
  74  5:52  Drone x6  
  75  6:04  Drone x5  
  75  6:09  Drone x6  
  83  6:13  Overseer  
  83  6:14  Hatchery  
  83  6:15  Zerg Missile Weapons Level 1, Zerg Ground Armor Level 1  
  82  6:20  Glial Reconstitution  
  82  6:22  Overlord x3  
  82  6:25  Pneumatized Carapace  
  82  6:28  Queen  
  82  6:32  Roach x2  
  88  6:36  Roach  
  90  6:45  Roach x7  
  104  6:49  Overlord  
  104  6:50  Overlord  
  104  6:52  Overlord  
  104  6:56  Roach  
  104  6:59  Overlord  
  104  7:00  Overlord  
  106  7:08  Spore Crawler  
  105  7:13  Drone x13  
  118  7:25  Drone  
  118  7:26  Drone x3, Hydralisk Den  
  118  7:27  Infestation Pit  
  120  7:30  Roach  
  120  7:31  Roach x2  
  124  7:45  Drone  
  124  7:47  Extractor  
  124  7:48  Spore Crawler  
  124  7:49  Extractor, Roach x8  
  124  7:50  Spore Crawler  
  124  7:51  Spore Crawler x2, Overlord  
  133  8:00  Drone x8  
  137  8:06  Hatchery  
  137  8:07  Overlord  
  136  8:13  Zerg Ground Armor Level 2, Zerg Missile Weapons Level 2  
  136  8:16  Ravager x2  
  136  8:17  Ravager  
  139  8:20  Drone  
  139  8:22  Hive  
  139  8:25  Lurker Den  
  139  8:26  Muscular Augments  
  145  8:27  Roach x3  
  145  8:30  Ravager x3  
  145  8:33  Roach x3  
  154  8:35  Overlord  
  154  8:46  Drone x6  
  154  8:48  Overlord x2  
  160  8:59  Drone x8  
  168  9:07  Hydralisk x6  
  180  9:13  Spore Crawler  
  180  9:15  Spore Crawler  
  178  9:17  Spore Crawler  
  177  9:33  Hatchery, Viper x2  
  177  9:35  Extractor, Seismic Spines  
  177  9:36  Extractor, Viper, Overlord x2  
  181  9:53  Hydralisk x10  
  181  9:59  Spine Crawler  
  189  10:01  Hydralisk x7  
  175  10:15  Hydralisk x8  
  191  10:32  Hydralisk  
  181  10:44  Overlord  
Tags
 
Add a new tag
Caveats
  • Supply blocks, unpowered buildings, or Contaminate may cause inaccurate times.
  • Supply counts are checked every 10 seconds.